Wild vs Blues

Created - Sunday, March 15, 2015 at 02:20

Goals
1 2 3 OT1 T
Wild 0 1 1 0 2
Blues 0 2 0 1 3
Shots
1 2 3 OT1 T
Wild 9 14 14 0 37
Blues 1 10 10 3 24

1st period

No Goal

Penalties :
Alexandre Burrows (Min) for Interference (Minor) at 1:20

2nd period

1. Wild , Marek Zidlicky 11 (Derek Stepan, Thomas Vanek) at 4:31 (PP)
2. Blues , Artem Anisimov 11 (Johan Franzen, Brandon Saad) at 11:43
3. Blues , Zdeno Chara 17 (Johan Franzen, Josh Gorges) at 19:20

Penalties :
Zdeno Chara (StL) for Hooking (Minor) at 4:12, Chris Neil (Min) for Goalie Interference (Minor) at 7:28

3rd period

4. Wild , Thomas Vanek 47 (Jordan Eberle, Derek Stepan) at 19:10 (PP)

Penalties :
Matt Donovan (StL) for Holding (Minor) at 5:18, Bryan Allen (StL) for Roughing (Minor) at 10:56, Zdeno Chara (StL) for Cross-checking (Minor) at 17:44

Overtime #1

5. Blues , Zdeno Chara 18 (Josh Gorges) at 3:14

Penalties :
No Penalty

Goalie Stats

Antti Niemi (Min), 21 saves from 24 shots - (0.875), OTL, 37-12-5, 63:04 minutes
Henrik Lundqvist (StL), 35 saves from 37 shots - (0.946), W, 36-16-5, 63:14 minutes

Players Stats for Wild

Player Name              G  A  P  +/- PIM S  H  SB GA TA FO     MP     PP MP  PK MP  
------------------------------------------------------------------------------------
Alexandre Burrows        0  0  0  -1  2   1  4  0  2  0  6/12   15:36   0:00   0:00 
Brad Marchand            0  0  0  -1  0   0  2  0  0  0  0/1    16:43   2:28   1:41 
Chris Neil               0  0  0  -1  2   2  3  0  0  0  0/1     9:42   0:00   0:00 
Chris Summers            0  0  0   0  0   2  3  0  0  1  0/0    18:02   0:00   3:13 
Cody Franson             0  0  0  -2  0   2  6  2  0  2  0/0    26:26   3:16   0:45 
Dan Boyle                0  0  0  -1  0   6  1  1  3  2  0/0    22:12   1:44   0:00 
Daniel Alfredsson        0  0  0  -2  0   4  0  0  4  0  0/0    16:45   2:28   0:00 
Derek Stepan             0  2  2   0  0   1  1  1  0  1  11/19  19:31   3:15   0:00 
Drew Miller              0  0  0  -1  0   0  1  0  2  2  0/1    11:30   0:00   2:17 
Jason Chimera            0  0  0  -1  0   2  2  0  2  1  0/0    16:34   0:00   0:35 
Jerred Smithson          0  0  0  -1  0   0  1  1  1  0  1/3    10:16   0:00   0:55 
Jordan Eberle            0  1  1   0  0   2  1  0  2  1  1/1    19:31   3:15   0:00 
Marek Zidlicky           1  0  1  -1  0   2  3  0  0  0  0/0    18:49   5:13   0:00 
Mark Streit              0  0  0  -1  0   0  0  2  1  0  0/0    14:29   0:19   0:45 
Maxime Talbot            0  0  0   0  0   0  1  1  0  1  3/14   15:29   2:28   2:28 
Shane O'Brien            0  0  0  -1  0   1  2  3  0  1  0/0    26:28   0:54   3:13 
Thomas Vanek             1  1  2   0  0   8  2  1  3  0  0/2    20:48   3:15   0:00 
Tuomo Ruutu              0  0  0   0  0   4  5  0  3  0  0/1    10:00   0:00   0:00 

Players Stats for Blues

Player Name              G  A  P  +/- PIM S  H  SB GA TA FO     MP     PP MP  PK MP  
------------------------------------------------------------------------------------
Anders Lee               0  0  0   0  0   1  1  0  1  0  2/5     8:16   0:00   0:00 
Andrew Desjardins        0  0  0   0  0   0  1  0  1  1  8/12   15:45   0:00   1:12 
Artem Anisimov           1  0  1   2  0   5  1  2  2  0  2/2    20:25   1:56   0:50 
Brandon Saad             0  1  1   2  0   2  0  0  3  1  0/1    17:52   1:56   0:00 
Bryan Allen              0  0  0   0  2   0  1  0  0  0  0/0    17:52   1:00   0:25 
Cam Atkinson             0  0  0   0  0   3  3  0  2  1  0/0    14:50   0:00   0:00 
Hampus Lindholm          0  0  0   0  0   1  1  0  2  4  0/0    15:51   0:00   2:23 
Joe Vitale               0  0  0   0  0   0  0  1  0  0  0/0     8:16   0:00   0:00 
Johan Franzen            0  2  2   2  0   1  0  0  3  0  4/9    18:02   1:56   0:10 
Josh Gorges              0  2  2   2  0   0  2  2  0  3  0/0    25:53   2:58   4:22 
Kevan Miller             0  0  0   0  0   1  2  0  0  1  0/0    13:25   0:00   0:00 
Mark Fayne               0  0  0   0  0   0  0  0  0  3  0/0    18:49   1:00   1:21 
Matt Donovan             0  0  0   1  2   0  0  2  0  0  0/0     5:59   0:00   0:00 
Rick Nash                0  0  0   0  0   2  1  0  4  1  0/1    14:31   2:02   0:10 
Sean Couturier           0  0  0   1  0   3  1  1  1  1  17/24  25:43   2:02   4:07 
Steve Ott                0  0  0   1  0   1  2  1  0  0  0/1    21:00   2:02   4:57 
Tomas Tatar              0  0  0   0  0   0  1  0  2  0  0/0    15:05   0:00   0:00 
Zdeno Chara              2  0  2   3  4   4  6  0  3  0  0/0    29:30   2:58   2:55 

3 Stars

1 - Zdeno Chara (StL)
2 - Josh Gorges (StL)
3 - Thomas Vanek (Min)

Power Play

Wild - 2 on 4 Attempt(s) - 50.00%
Blues - 0 on 2 Attempt(s) - 0.00%

Penalty Kill

Wild - 2 on 2 Attempt(s) - 100.00% - Score 0 goal in Penalty Kill
Blues - 2 on 4 Attempt(s) - 50.00% - Score 0 goal in Penalty Kill

Team Stat

Wild - Hits : 38 - Faceoff Wins : 22 - Blocked Shots : 12 - Penalty Minutes : 4
Blues - Hits : 23 - Faceoff Wins : 33 - Blocked Shots : 9 - Penalty Minutes : 8

Official

Referees : Unknown
Linesman : Unknown

Game Notes

Mark Streit is injured at 1:19 of 3rd period (Left Leg)

Finance

Level 1 -- Attendance: 5221 (87.02%) -- Ticket Income $443,785
Level 2 -- Attendance: 4667 (93.34%) -- Ticket Income $224,016
Level 3 -- Attendance: 2000 (100.00%) -- Ticket Income $50,000
Level 4 -- Attendance: 3548 (88.70%) -- Ticket Income $53,220
Luxury Box -- Attendance: 867 (86.70%) -- Ticket Income $149,991
Game was played at the Savis Center'
Total Attendance: 16303 (90.57%)
Total Ticket Income: $921,012
Other Income: $451,296
Total Income: $1,372,308

Wild

5 vs 5 Forward 
   Center                   Left Wing                Right Wing               Time % Phy DF OF 
 1 Derek Stepan             Thomas Vanek             Jordan Eberle            35     1   2  2  
 2 Alexandre Burrows        Jason Chimera            Daniel Alfredsson        30     1   2  2  
 3 Maxime Talbot            Brad Marchand            Tuomo Ruutu              22     1   2  2  
 4 Jerred Smithson          Drew Miller              Chris Neil               13     1   2  2  

5 vs 5 Defense 
   Defense                  Defense                                           Time % Phy DF OF 
 1 Mark Streit              Dan Boyle                                         35     1   2  2  
 2 Cody Franson             Marek Zidlicky                                    30     1   2  2  
 3 Chris Summers            Shane O'Brien                                     22     1   2  2  
 4 Cody Franson             Shane O'Brien                                     13     1   2  2  

PowerPlay Forward 
   Center                   Left Wing                Right Wing               Time % Phy DF OF 
 1 Derek Stepan             Thomas Vanek             Jordan Eberle            60     1   2  2  
 2 Maxime Talbot            Brad Marchand            Daniel Alfredsson        40     1   2  2  

PowerPlay Defense
   Defense                  Defense                                           Time % Phy DF OF 
 1 Marek Zidlicky           Mark Streit                                       60     1   2  2  
 2 Dan Boyle                Cody Franson                                      40     1   2  2  

Penalty Kill 4 Players Forward 
   Center                   Wing                     Time % Phy DF OF 
 1 Maxime Talbot            Drew Miller              60     1   2  2  
 2 Jerred Smithson          Alexandre Burrows        40     1   2  2  

Penalty Kill 4 Players Defense
   Defense                  Defense                  Time % Phy DF OF 
 1 Shane O'Brien            Chris Summers            60     1   2  2  
 2 Mark Streit              Cody Franson             40     1   2  2  

Penalty Kill - 3 Players Forward 
   Forward                                           Time % Phy DF OF 
 1 Drew Miller                                       60     1   2  2  
 2 Maxime Talbot                                     40     1   2  2  

Penalty Kill - 3 Players Defense
   Defense                  Defense                  Time % Phy DF OF 
 1 Shane O'Brien            Chris Summers            60     1   2  2  
 2 Mark Streit              Cody Franson             40     1   2  2  

4 vs 4 Forward 
   Center                   Wing                     Time % Phy DF OF 
 1 Alexandre Burrows        Jason Chimera            60     1   2  2  
 2 Maxime Talbot            Tuomo Ruutu              40     1   2  2  

4 vs 4 Defense
   Defense                  Defense                  Time % Phy DF OF 
 1 Cody Franson             Shane O'Brien            60     1   2  2  
 2 Dan Boyle                Chris Summers            40     1   2  2  

Last Minutes Offensive
   Center                   Left Wing                Right Wing               Defense                  Defense                  
   Derek Stepan             Thomas Vanek             Jordan Eberle            Mark Streit              Dan Boyle                

Last Minutes Defensive
   Center                   Left Wing                Right Wing               Defense                  Defense                  
   Jerred Smithson          Drew Miller              Maxime Talbot            Shane O'Brien            Chris Summers            

Goaltenders
Starting : Antti Niemi              
Backup : Niklas Backstrom         

Extra Forwards
Normal : Brad Marchand, Thomas Vanek, Daniel Alfredsson - PP : Jason Chimera, Alexandre Burrows - PK : Brad Marchand
Extra Defensemen
Normal : Shane O'Brien, Dan Boyle, Cody Franson - PP : Shane O'Brien - PK : Marek Zidlicky, Dan Boyle
Penalty Shots
Jordan Eberle, Tuomo Ruutu, Alexandre Burrows, Thomas Vanek, Daniel Alfredsson

Blues

5 vs 5 Forward 
   Center                   Left Wing                Right Wing               Time % Phy DF OF 
 1 Sean Couturier           Steve Ott                Rick Nash                35     1   2  2  
 2 Johan Franzen            Artem Anisimov           Brandon Saad             30     1   2  2  
 3 Andrew Desjardins        Tomas Tatar              Cam Atkinson             22     1   2  2  
 4 Anders Lee               Sean Couturier           Joe Vitale               13     1   2  2  

5 vs 5 Defense 
   Defense                  Defense                                           Time % Phy DF OF 
 1 Zdeno Chara              Josh Gorges                                       35     1   2  2  
 2 Bryan Allen              Mark Fayne                                        30     1   2  2  
 3 Kevan Miller             Hampus Lindholm                                   22     1   2  2  
 4 Matt Donovan             Zdeno Chara                                       13     1   2  2  

PowerPlay Forward 
   Center                   Left Wing                Right Wing               Time % Phy DF OF 
 1 Sean Couturier           Steve Ott                Rick Nash                60     1   2  2  
 2 Johan Franzen            Artem Anisimov           Brandon Saad             40     1   2  2  

PowerPlay Defense
   Defense                  Defense                                           Time % Phy DF OF 
 1 Zdeno Chara              Josh Gorges                                       60     1   2  2  
 2 Bryan Allen              Mark Fayne                                        40     1   2  2  

Penalty Kill 4 Players Forward 
   Center                   Wing                     Time % Phy DF OF 
 1 Sean Couturier           Steve Ott                60     1   2  2  
 2 Rick Nash                Johan Franzen            40     1   2  2  

Penalty Kill 4 Players Defense
   Defense                  Defense                  Time % Phy DF OF 
 1 Zdeno Chara              Josh Gorges              60     1   2  2  
 2 Bryan Allen              Mark Fayne               40     1   2  2  

Penalty Kill - 3 Players Forward 
   Forward                                           Time % Phy DF OF 
 1 Sean Couturier                                    60     1   2  2  
 2 Steve Ott                                         40     1   2  2  

Penalty Kill - 3 Players Defense
   Defense                  Defense                  Time % Phy DF OF 
 1 Zdeno Chara              Josh Gorges              60     1   2  2  
 2 Bryan Allen              Mark Fayne               40     1   2  2  

4 vs 4 Forward 
   Center                   Wing                     Time % Phy DF OF 
 1 Sean Couturier           Steve Ott                60     1   2  2  
 2 Rick Nash                Johan Franzen            40     1   2  2  

4 vs 4 Defense
   Defense                  Defense                  Time % Phy DF OF 
 1 Zdeno Chara              Josh Gorges              60     1   2  2  
 2 Bryan Allen              Mark Fayne               40     1   2  2  

Last Minutes Offensive
   Center                   Left Wing                Right Wing               Defense                  Defense                  
   Sean Couturier           Steve Ott                Rick Nash                Zdeno Chara              Josh Gorges              

Last Minutes Defensive
   Center                   Left Wing                Right Wing               Defense                  Defense                  
   Sean Couturier           Steve Ott                Rick Nash                Zdeno Chara              Josh Gorges              

Goaltenders
Starting : Henrik Lundqvist         
Backup : Frederik Andersen        

Extra Forwards
Normal : Tomas Tatar, Cam Atkinson, Andrew Desjardins - PP : Tomas Tatar, Cam Atkinson - PK : Andrew Desjardins
Extra Defensemen
Normal : Kevan Miller, Hampus Lindholm, Matt Donovan - PP : Kevan Miller - PK : Hampus Lindholm, Matt Donovan
Penalty Shots
Sean Couturier, Steve Ott, Rick Nash, Johan Franzen, Artem Anisimov

% Time on Ice - Wild

Lines # - Real PCT - Wanted PCT - Time Play
Normal Forward
1 - 33% - 35% - 16:47
2 - 28% - 30% - 14:19
3 - 20% - 22% - 10:00
4 - 18% - 13% - 9:13
Normal Defense
1 - 43% - 35% - 21:31
2 - 23% - 30% - 11:21
3 - 25% - 22% - 12:25
4 - 10% - 13% - 5:02
PP Forward
1 - 57% - 60% - 3:15
2 - 43% - 40% - 2:28
PP Defense
1 - 100% - 60% - 5:43
2 - 0% - 40% - 0:00
PK Forward
1 - 77% - 60% - 3:03
2 - 23% - 40% - 0:55
PK Defense
1 - 81% - 60% - 3:13
2 - 19% - 40% - 0:45
PK3 Forward
1 - 0% - 60%
2 - 0% - 40%
PK3 Defense
1 - 0% - 60%
2 - 0% - 40%
44 Forward
1 - 100% - 60% - 3:14
2 - 0% - 40% - 0:00
44 Defense
1 - 45% - 60% - 1:28
2 - 55% - 40% - 1:46
Last Minute Offensive  - 0:00
Last Minute Defensive  - 0:00
Total
Forward - 63:14
Defense - 63:14

% Time on Ice - Blues

Lines # - Real PCT - Wanted PCT - Time Play
Normal Forward
1 - 26% - 35% - 13:16
2 - 32% - 30% - 15:57
3 - 26% - 22% - 12:50
4 - 16% - 13% - 8:16
Normal Defense
1 - 33% - 35% - 16:46
2 - 30% - 30% - 15:02
3 - 27% - 22% - 13:25
4 - 10% - 13% - 5:06
PP Forward
1 - 51% - 60% - 2:02
2 - 49% - 40% - 1:56
PP Defense
1 - 75% - 60% - 2:58
2 - 25% - 40% - 1:00
PK Forward
1 - 97% - 60% - 5:33
2 - 3% - 40% - 0:10
PK Defense
1 - 76% - 60% - 4:22
2 - 24% - 40% - 1:21
PK3 Forward
1 - 0% - 60%
2 - 0% - 40%
PK3 Defense
1 - 0% - 60%
2 - 0% - 40%
44 Forward
1 - 100% - 60% - 3:14
2 - 0% - 40% - 0:00
44 Defense
1 - 55% - 60% - 1:47
2 - 45% - 40% - 1:27
Last Minute Offensive  - 0:00
Last Minute Defensive  - 0:00
Total
Forward - 63:14
Defense - 63:14

Play by Play

1st period


0:01 of 1st period - Sean Couturier wins face-off versus Derek Stepan in neutral zone.
0:37 of 1st period - Mark Streit is hit by Rick Nash and loses puck.
1:18 of 1st period - Backhand shot by Johan Franzen.
1:18 of 1st period - Shot Blocked by Cody Franson.
1:20 of 1st period - Minor Penalty to Alexandre Burrows for Interference.
1:21 of 1st period - Maxime Talbot wins face-off versus Sean Couturier in Wild zone.
1:57 of 1st period - Brandon Saad is hit by Jerred Smithson and loses puck.
2:06 of 1st period - Chris Summers is hit by Artem Anisimov and loses puck.
2:57 of 1st period - Brandon Saad is hit by Shane O'Brien and loses puck.
3:20 of 1st period - Penalty to Alexandre Burrows is over, Alexandre Burrows is back on ice.
3:27 of 1st period - Off-side.
3:28 of 1st period - Sean Couturier wins face-off versus Alexandre Burrows in neutral zone.
3:37 of 1st period - Marek Zidlicky is hit by Cam Atkinson and loses puck.
3:46 of 1st period - Kevan Miller is hit by Cody Franson and loses puck.
3:59 of 1st period - Jason Chimera is hit by Tomas Tatar.
4:21 of 1st period - Sean Couturier is hit by Jordan Eberle and loses puck.
4:34 of 1st period - Snap shot by Joe Vitale.
4:34 of 1st period - Shot Misses the Net.
4:47 of 1st period - Icing by Sean Couturier.
4:48 of 1st period - Anders Lee wins face-off versus Maxime Talbot in Blues zone.
5:22 of 1st period - Off-side.
5:23 of 1st period - Andrew Desjardins wins face-off versus Jerred Smithson in neutral zone.
7:06 of 1st period - Kevan Miller is hit by Thomas Vanek and loses puck.
7:13 of 1st period - Slapshot by Jordan Eberle.
7:13 of 1st period - Shot Misses the Net.
7:15 of 1st period - Wrist shot by Thomas Vanek.
7:15 of 1st period - Stopped by Henrik Lundqvist with a rebound.
7:17 of 1st period - Snap shot by Shane O'Brien.
7:17 of 1st period - Stopped by Henrik Lundqvist with a rebound.
7:19 of 1st period - Slapshot by Chris Summers.
7:19 of 1st period - Stopped by Henrik Lundqvist without a rebound.
7:20 of 1st period - Artem Anisimov wins face-off versus Maxime Talbot in Blues zone.
8:18 of 1st period - Matt Donovan is hit by Chris Summers and loses puck.
8:39 of 1st period - Dan Boyle is hit by Zdeno Chara and loses puck.
8:54 of 1st period - Cody Franson is hit by Zdeno Chara and loses puck.
10:25 of 1st period - Mark Fayne is hit by Chris Neil and loses puck.
11:04 of 1st period - Snap shot by Tuomo Ruutu.
11:04 of 1st period - Stopped by Henrik Lundqvist without a rebound.
11:05 of 1st period - Sean Couturier wins face-off versus Maxime Talbot in Blues zone.
11:41 of 1st period - Slapshot by Alexandre Burrows.
11:41 of 1st period - Shot Misses the Net.
11:43 of 1st period - Snap shot by Daniel Alfredsson.
11:43 of 1st period - Stopped by Henrik Lundqvist with a rebound.
11:45 of 1st period - Snap shot by Chris Summers.
11:45 of 1st period - Shot Misses the Net.
12:10 of 1st period - Off-side.
12:11 of 1st period - Artem Anisimov wins face-off versus Jerred Smithson in neutral zone.
12:20 of 1st period - Snap shot by Johan Franzen.
12:20 of 1st period - Shot Blocked by Dan Boyle.
12:24 of 1st period - Wrist shot by Artem Anisimov.
12:24 of 1st period - Stopped by Antti Niemi without a rebound.
12:25 of 1st period - Jerred Smithson wins face-off versus Johan Franzen in Wild zone.
12:52 of 1st period - Drew Miller is hit by Steve Ott and loses puck.
13:20 of 1st period - Bryan Allen is hit by Marek Zidlicky and loses puck.
13:47 of 1st period - Matt Donovan is hit by Derek Stepan and loses puck.
14:22 of 1st period - Snap shot by Jason Chimera.
14:22 of 1st period - Stopped by Henrik Lundqvist with a rebound.
14:24 of 1st period - Slapshot by Chris Summers.
14:24 of 1st period - Shot Blocked by Joe Vitale.
14:30 of 1st period - Snap shot by Daniel Alfredsson.
14:30 of 1st period - Stopped by Henrik Lundqvist with a rebound.
14:46 of 1st period - Slapshot by Tuomo Ruutu.
14:46 of 1st period - Stopped by Henrik Lundqvist with a rebound.
14:48 of 1st period - Slapshot by Tuomo Ruutu.
14:48 of 1st period - Shot Blocked by Matt Donovan.
17:27 of 1st period - Zdeno Chara is hit by Tuomo Ruutu and loses puck.
18:25 of 1st period - Alexandre Burrows is hit by Cam Atkinson and loses puck.
19:00 of 1st period - Bryan Allen is hit by Chris Neil and loses puck.
19:43 of 1st period - Slapshot by Marek Zidlicky.
19:43 of 1st period - Deflect By Tuomo Ruutu.
19:43 of 1st period - Stopped by Henrik Lundqvist with a rebound.
19:53 of 1st period - Artem Anisimov is hit by Marek Zidlicky and loses puck.
Goals for this period are 0 for Wild vs 0 for Blues.
Shots for this period are 9 for Wild vs 1 for Blues.

2nd period


0:01 of 2nd period - Sean Couturier wins face-off versus Derek Stepan in neutral zone.
0:04 of 2nd period - Wrist shot by Rick Nash.
0:04 of 2nd period - Stopped by Antti Niemi with a rebound.
0:06 of 2nd period - Slapshot by Josh Gorges.
0:06 of 2nd period - Deflect By Rick Nash.
0:06 of 2nd period - Shot Misses the Net.
0:06 of 2nd period - Puck is out of play.
0:07 of 2nd period - Sean Couturier wins face-off versus Derek Stepan in Wild zone.
0:12 of 2nd period - Wrist shot by Steve Ott.
0:12 of 2nd period - Stopped by Antti Niemi with a rebound.
0:14 of 2nd period - Wrist shot by Sean Couturier.
0:14 of 2nd period - Shot Blocked by Thomas Vanek.
0:16 of 2nd period - Snap shot by Steve Ott.
0:16 of 2nd period - Shot Hit the Post.
0:18 of 2nd period - Slapshot by Zdeno Chara.
0:18 of 2nd period - Shot Blocked by Shane O'Brien.
0:22 of 2nd period - Snap shot by Steve Ott.
0:22 of 2nd period - Deflect By Sean Couturier.
0:22 of 2nd period - Shot Misses the Net.
0:22 of 2nd period - Puck is out of play.
0:23 of 2nd period - Alexandre Burrows wins face-off versus Brandon Saad in Wild zone.
0:28 of 2nd period - Zdeno Chara is hit by Alexandre Burrows and loses puck.
0:51 of 2nd period - Zdeno Chara is hit by Jason Chimera and loses puck.
1:00 of 2nd period - Josh Gorges is hit by Alexandre Burrows and loses puck.
1:25 of 2nd period - Derek Stepan is hit by Steve Ott and loses puck.
1:40 of 2nd period - Snap shot by Sean Couturier.
1:40 of 2nd period - Stopped by Antti Niemi without a rebound.
1:41 of 2nd period - Andrew Desjardins wins face-off versus Maxime Talbot in Wild zone.
2:04 of 2nd period - Wrist shot by Tuomo Ruutu.
2:04 of 2nd period - Stopped by Henrik Lundqvist with a rebound.
2:57 of 2nd period - Kevan Miller is hit by Chris Neil and loses puck.
3:16 of 2nd period - Slapshot by Dan Boyle.
3:16 of 2nd period - Stopped by Henrik Lundqvist with a rebound.
3:22 of 2nd period - Dan Boyle is hit by Kevan Miller.
3:30 of 2nd period - Snap shot by Thomas Vanek.
3:30 of 2nd period - Stopped by Henrik Lundqvist without a rebound.
3:31 of 2nd period - Alexandre Burrows wins face-off versus Sean Couturier in Blues zone.
3:36 of 2nd period - Snap shot by Alexandre Burrows.
3:36 of 2nd period - Stopped by Henrik Lundqvist without a rebound.
3:37 of 2nd period - Sean Couturier wins face-off versus Alexandre Burrows in Blues zone.
3:37 of 2nd period - Sean Couturier is hit by Alexandre Burrows.
3:51 of 2nd period - Snap shot by Rick Nash.
3:51 of 2nd period - Shot Misses the Net.
4:12 of 2nd period - Minor Penalty to Zdeno Chara for Hooking.
4:13 of 2nd period - Sean Couturier wins face-off versus Thomas Vanek in Blues zone.
4:25 of 2nd period - Snap shot by Jordan Eberle.
4:25 of 2nd period - Deflect By Thomas Vanek.
4:25 of 2nd period - Stopped by Henrik Lundqvist with a rebound.
4:27 of 2nd period - Wrist shot by Derek Stepan.
4:27 of 2nd period - Shot Misses the Net.
4:29 of 2nd period - Slapshot by Marek Zidlicky.
4:29 of 2nd period - Stopped by Henrik Lundqvist with a rebound.
4:31 of 2nd period - Slapshot by Marek Zidlicky.
4:31 of 2nd period - Goal by Marek Zidlicky - Wild : 1 - Blues : 0.
4:32 of 2nd period - Derek Stepan wins face-off versus Johan Franzen in neutral zone.
4:35 of 2nd period - Johan Franzen is hit by Cody Franson and loses puck.
4:50 of 2nd period - Josh Gorges is hit by Cody Franson and loses puck.
5:10 of 2nd period - Snap shot by Artem Anisimov.
5:10 of 2nd period - Deflect By Brandon Saad.
5:10 of 2nd period - Stopped by Antti Niemi with a rebound.
5:33 of 2nd period - Dan Boyle is hit by Zdeno Chara and loses puck.
6:22 of 2nd period - Sean Couturier is hit by Tuomo Ruutu and loses puck.
6:41 of 2nd period - Artem Anisimov is hit by Tuomo Ruutu and loses puck.
6:46 of 2nd period - Snap shot by Brad Marchand.
6:46 of 2nd period - Shot Misses the Net.
7:14 of 2nd period - Slapshot by Anders Lee.
7:14 of 2nd period - Stopped by Antti Niemi with a rebound.
7:20 of 2nd period - Chris Neil is hit by Sean Couturier.
7:28 of 2nd period - Minor Penalty to Chris Neil for Goalie Interference.
7:29 of 2nd period - Sean Couturier wins face-off versus Maxime Talbot in Wild zone.
7:32 of 2nd period - Snap shot by Rick Nash.
7:32 of 2nd period - Deflect By Sean Couturier.
7:32 of 2nd period - Shot Blocked by Maxime Talbot.
7:32 of 2nd period - Puck is out of play.
7:33 of 2nd period - Sean Couturier wins face-off versus Maxime Talbot in Wild zone.
8:48 of 2nd period - Mark Streit is hit by Josh Gorges and loses puck.
9:28 of 2nd period - Penalty to Chris Neil is over, Chris Neil is back on ice.
9:57 of 2nd period - Slapshot by Cam Atkinson.
9:57 of 2nd period - Stopped by Antti Niemi without a rebound.
9:58 of 2nd period - Andrew Desjardins wins face-off versus Derek Stepan in Wild zone.
10:47 of 2nd period - Wrist shot by Sean Couturier.
10:47 of 2nd period - Stopped by Antti Niemi without a rebound.
10:48 of 2nd period - Alexandre Burrows wins face-off versus Anders Lee in Wild zone.
10:48 of 2nd period - Alexandre Burrows is hit by Anders Lee.
11:43 of 2nd period - Snap shot by Artem Anisimov.
11:43 of 2nd period - Goal by Artem Anisimov - Wild : 1 - Blues : 1.
11:44 of 2nd period - Derek Stepan wins face-off versus Johan Franzen in neutral zone.
12:07 of 2nd period - Snap shot by Thomas Vanek.
12:07 of 2nd period - Shot Blocked by Josh Gorges.
12:09 of 2nd period - Snap shot by Chris Summers.
12:09 of 2nd period - Stopped by Henrik Lundqvist without a rebound.
12:10 of 2nd period - Andrew Desjardins wins face-off versus Maxime Talbot in Blues zone.
12:27 of 2nd period - Icing by Bryan Allen.
12:28 of 2nd period - Andrew Desjardins wins face-off versus Maxime Talbot in Blues zone.
12:28 of 2nd period - Andrew Desjardins is hit by Tuomo Ruutu.
13:18 of 2nd period - Slapshot by Jordan Eberle.
13:18 of 2nd period - Stopped by Henrik Lundqvist without a rebound.
13:19 of 2nd period - Johan Franzen wins face-off versus Derek Stepan in Blues zone.
13:19 of 2nd period - Johan Franzen is hit by Shane O'Brien.
14:01 of 2nd period - Wrist shot by Steve Ott.
14:01 of 2nd period - Shot Misses the Net.
14:23 of 2nd period - Slapshot by Alexandre Burrows.
14:23 of 2nd period - Deflect By Jason Chimera.
14:23 of 2nd period - Stopped by Henrik Lundqvist without a rebound.
14:24 of 2nd period - Andrew Desjardins wins face-off versus Alexandre Burrows in Blues zone.
14:24 of 2nd period - Andrew Desjardins is hit by Alexandre Burrows.
14:43 of 2nd period - Wrist shot by Tomas Tatar.
14:43 of 2nd period - Shot Blocked by Mark Streit.
15:01 of 2nd period - Slapshot by Dan Boyle.
15:01 of 2nd period - Stopped by Henrik Lundqvist with a rebound.
15:27 of 2nd period - Brandon Saad is hit by Tuomo Ruutu and loses puck.
16:17 of 2nd period - Slapshot by Chris Neil.
16:17 of 2nd period - Stopped by Henrik Lundqvist without a rebound.
16:18 of 2nd period - Derek Stepan wins face-off versus Anders Lee in Blues zone.
16:43 of 2nd period - Wrist shot by Anders Lee.
16:43 of 2nd period - Shot Blocked by Shane O'Brien.
17:02 of 2nd period - Snap shot by Daniel Alfredsson.
17:02 of 2nd period - Stopped by Henrik Lundqvist with a rebound.
17:04 of 2nd period - Slapshot by Chris Summers.
17:04 of 2nd period - Shot Blocked by Artem Anisimov.
17:42 of 2nd period - Slapshot by Cody Franson.
17:42 of 2nd period - Deflect By Chris Neil.
17:42 of 2nd period - Stopped by Henrik Lundqvist without a rebound.
17:43 of 2nd period - Sean Couturier wins face-off versus Chris Neil in Blues zone.
17:57 of 2nd period - Drew Miller is hit by Bryan Allen and loses puck.
18:10 of 2nd period - Wrist shot by Sean Couturier.
18:10 of 2nd period - Stopped by Antti Niemi without a rebound.
18:11 of 2nd period - Derek Stepan wins face-off versus Andrew Desjardins in Wild zone.
18:26 of 2nd period - Wrist shot by Tomas Tatar.
18:26 of 2nd period - Shot Misses the Net.
19:01 of 2nd period - Jason Chimera is hit by Hampus Lindholm and loses puck.
19:06 of 2nd period - Snap shot by Johan Franzen.
19:06 of 2nd period - Deflect By Alexandre Burrows.
19:06 of 2nd period - Shot Misses the Net.
19:06 of 2nd period - Puck is out of play.
19:07 of 2nd period - Alexandre Burrows wins face-off versus Johan Franzen in Wild zone.
19:07 of 2nd period - Alexandre Burrows is hit by Josh Gorges.
19:20 of 2nd period - Wrist shot by Zdeno Chara.
19:20 of 2nd period - Goal by Zdeno Chara - Wild : 1 - Blues : 2.
19:21 of 2nd period - Alexandre Burrows wins face-off versus Rick Nash in neutral zone.
Goals for this period are 1 for Wild vs 2 for Blues.
Shots for this period are 14 for Wild vs 10 for Blues.

3rd period


0:01 of 3rd period - Sean Couturier wins face-off versus Derek Stepan in neutral zone.
0:16 of 3rd period - Backhand shot by Steve Ott.
0:16 of 3rd period - Shot Misses the Net.
0:18 of 3rd period - Slapshot by Zdeno Chara.
0:18 of 3rd period - Stopped by Antti Niemi without a rebound.
0:19 of 3rd period - Derek Stepan wins face-off versus Sean Couturier in Wild zone.
0:26 of 3rd period - Icing by Steve Ott.
0:27 of 3rd period - Sean Couturier wins face-off versus Maxime Talbot in Blues zone.
0:27 of 3rd period - Sean Couturier is hit by Maxime Talbot.
1:19 of 3rd period - Snap shot by Brandon Saad.
1:19 of 3rd period - Shot Blocked by Mark Streit.
1:19 of 3rd period - Mark Streit from Wild is injured at 1:19 of 3rd period (Left Leg).
1:20 of 3rd period - Sean Couturier wins face-off versus Alexandre Burrows in Wild zone.
1:45 of 3rd period - Alexandre Burrows is hit by Zdeno Chara and loses puck.
2:07 of 3rd period - Alexandre Burrows is hit by Zdeno Chara and loses puck.
2:16 of 3rd period - Snap shot by Artem Anisimov.
2:16 of 3rd period - Stopped by Antti Niemi with a rebound.
2:24 of 3rd period - Wrist shot by Brandon Saad.
2:24 of 3rd period - Stopped by Antti Niemi without a rebound.
2:25 of 3rd period - Derek Stepan wins face-off versus Andrew Desjardins in Wild zone.
2:32 of 3rd period - Snap shot by Cam Atkinson.
2:32 of 3rd period - Stopped by Antti Niemi without a rebound.
2:33 of 3rd period - Andrew Desjardins wins face-off versus Thomas Vanek in Wild zone.
2:44 of 3rd period - Snap shot by Thomas Vanek.
2:44 of 3rd period - Stopped by Henrik Lundqvist without a rebound.
2:45 of 3rd period - Derek Stepan wins face-off versus Andrew Desjardins in Blues zone.
3:02 of 3rd period - Wrist shot by Thomas Vanek.
3:02 of 3rd period - Stopped by Henrik Lundqvist with a rebound.
3:04 of 3rd period - Slapshot by Dan Boyle.
3:04 of 3rd period - Stopped by Henrik Lundqvist without a rebound.
3:05 of 3rd period - Maxime Talbot wins face-off versus Sean Couturier in Blues zone.
3:55 of 3rd period - Zdeno Chara is hit by Chris Summers and loses puck.
4:15 of 3rd period - Slapshot by Hampus Lindholm.
4:15 of 3rd period - Deflect By Derek Stepan.
4:15 of 3rd period - Stopped by Antti Niemi with a rebound.
4:17 of 3rd period - Slapshot by Kevan Miller.
4:17 of 3rd period - Deflect By Johan Franzen.
4:17 of 3rd period - Stopped by Antti Niemi with a rebound.
4:19 of 3rd period - Slapshot by Kevan Miller.
4:19 of 3rd period - Stopped by Antti Niemi with a rebound.
4:29 of 3rd period - Derek Stepan is hit by Kevan Miller.
4:56 of 3rd period - Bryan Allen is hit by Chris Summers and loses puck.
5:18 of 3rd period - Minor Penalty to Matt Donovan for Holding.
5:19 of 3rd period - Derek Stepan wins face-off versus Steve Ott in Blues zone.
5:19 of 3rd period - Slapshot by Thomas Vanek.
5:19 of 3rd period - Stopped by Henrik Lundqvist with a rebound.
5:21 of 3rd period - Slapshot by Jordan Eberle.
5:21 of 3rd period - Shot Blocked by Josh Gorges.
5:23 of 3rd period - Slapshot by Cody Franson.
5:23 of 3rd period - Stopped by Henrik Lundqvist without a rebound.
5:24 of 3rd period - Jordan Eberle wins face-off versus Sean Couturier in Blues zone.
5:27 of 3rd period - Snap shot by Thomas Vanek.
5:27 of 3rd period - Shot Misses the Net.
5:43 of 3rd period - Slapshot by Thomas Vanek.
5:43 of 3rd period - Shot Misses the Net.
5:45 of 3rd period - Wrist shot by Thomas Vanek.
5:45 of 3rd period - Shot Blocked by Steve Ott.
5:47 of 3rd period - Snap shot by Derek Stepan.
5:47 of 3rd period - Stopped by Henrik Lundqvist without a rebound.
5:48 of 3rd period - Sean Couturier wins face-off versus Brad Marchand in Blues zone.
6:38 of 3rd period - Zdeno Chara is hit by Cody Franson and loses puck.
7:09 of 3rd period - Maxime Talbot is hit by Andrew Desjardins and loses puck.
7:18 of 3rd period - Penalty to Matt Donovan is over, Matt Donovan is back on ice.
7:32 of 3rd period - Snap shot by Mark Fayne.
7:32 of 3rd period - Shot Blocked by Jerred Smithson.
7:46 of 3rd period - Snap shot by Dan Boyle.
7:46 of 3rd period - Stopped by Henrik Lundqvist with a rebound.
7:48 of 3rd period - Slapshot by Dan Boyle.
7:48 of 3rd period - Stopped by Henrik Lundqvist with a rebound.
7:50 of 3rd period - Slapshot by Chris Neil.
7:50 of 3rd period - Shot Misses the Net.
7:52 of 3rd period - Slapshot by Cody Franson.
7:52 of 3rd period - Shot Misses the Net.
7:54 of 3rd period - Slapshot by Cody Franson.
7:54 of 3rd period - Shot Blocked by Matt Donovan.
8:15 of 3rd period - Icing by Jason Chimera.
8:16 of 3rd period - Alexandre Burrows wins face-off versus Anders Lee in Wild zone.
8:51 of 3rd period - Kevan Miller is hit by Jason Chimera and loses puck.
9:20 of 3rd period - Backhand shot by Jordan Eberle.
9:20 of 3rd period - Stopped by Henrik Lundqvist with a rebound.
9:34 of 3rd period - Snap shot by Thomas Vanek.
9:34 of 3rd period - Shot Misses the Net.
9:41 of 3rd period - Icing by Hampus Lindholm.
9:42 of 3rd period - Andrew Desjardins wins face-off versus Maxime Talbot in Blues zone.
10:07 of 3rd period - Bryan Allen is hit by Brad Marchand and loses puck.
10:56 of 3rd period - Minor Penalty to Bryan Allen for Roughing.
10:57 of 3rd period - Derek Stepan wins face-off versus Sean Couturier in Blues zone.
10:58 of 3rd period - Snap shot by Thomas Vanek.
10:58 of 3rd period - Stopped by Henrik Lundqvist with a rebound.
11:00 of 3rd period - Slapshot by Cody Franson.
11:00 of 3rd period - Deflect By Zdeno Chara.
11:00 of 3rd period - Stopped by Henrik Lundqvist with a rebound.
11:02 of 3rd period - Wrist shot by Derek Stepan.
11:02 of 3rd period - Shot Blocked by Sean Couturier.
12:20 of 3rd period - Mark Fayne is hit by Dan Boyle and loses puck.
12:53 of 3rd period - Slapshot by Zdeno Chara.
12:53 of 3rd period - Shot Blocked by Shane O'Brien.
12:56 of 3rd period - Penalty to Bryan Allen is over, Bryan Allen is back on ice.
13:29 of 3rd period - Shane O'Brien is hit by Zdeno Chara and loses puck.
13:41 of 3rd period - Mark Fayne is hit by Cody Franson and loses puck.
13:52 of 3rd period - Snap shot by Marek Zidlicky.
13:52 of 3rd period - Shot Misses the Net.
13:54 of 3rd period - Slapshot by Dan Boyle.
13:54 of 3rd period - Stopped by Henrik Lundqvist with a rebound.
14:33 of 3rd period - Brandon Saad is hit by Marek Zidlicky and loses puck.
15:18 of 3rd period - Wrist shot by Cam Atkinson.
15:18 of 3rd period - Stopped by Antti Niemi without a rebound.
15:19 of 3rd period - Anders Lee wins face-off versus Drew Miller in Wild zone.
15:42 of 3rd period - Steve Ott is hit by Drew Miller.
15:46 of 3rd period - Wrist shot by Rick Nash.
15:46 of 3rd period - Stopped by Antti Niemi without a rebound.
15:47 of 3rd period - Sean Couturier wins face-off versus Derek Stepan in Wild zone.
16:10 of 3rd period - Artem Anisimov is hit by Thomas Vanek and loses puck.
17:04 of 3rd period - Snap shot by Daniel Alfredsson.
17:04 of 3rd period - Stopped by Henrik Lundqvist without a rebound.
17:05 of 3rd period - Johan Franzen wins face-off versus Alexandre Burrows in Blues zone.
17:12 of 3rd period - Wrist shot by Artem Anisimov.
17:12 of 3rd period - Shot Misses the Net.
17:14 of 3rd period - Slapshot by Zdeno Chara.
17:14 of 3rd period - Shot Blocked by Cody Franson.
17:16 of 3rd period - Slapshot by Artem Anisimov.
17:16 of 3rd period - Stopped by Antti Niemi without a rebound.
17:17 of 3rd period - Johan Franzen wins face-off versus Tuomo Ruutu in Wild zone.
17:25 of 3rd period - Off-side.
17:26 of 3rd period - Maxime Talbot wins face-off versus Andrew Desjardins in neutral zone.
17:44 of 3rd period - Minor Penalty to Zdeno Chara for Cross-checking.
17:45 of 3rd period - Sean Couturier wins face-off versus Maxime Talbot in Blues zone.
18:19 of 3rd period - Sean Couturier is hit by Cody Franson and loses puck.
18:52 of 3rd period - Snap shot by Jordan Eberle.
18:52 of 3rd period - Deflect By Thomas Vanek.
18:52 of 3rd period - Shot Misses the Net.
18:52 of 3rd period - Puck is out of play.
18:53 of 3rd period - Joe Sacco call a timeout for Wild.
18:53 of 3rd period - Derek Stepan wins face-off versus Sean Couturier in Blues zone.
19:00 of 3rd period - Wild, Antti Niemi is pulled from the net.
19:10 of 3rd period - Snap shot by Thomas Vanek.
19:10 of 3rd period - Goal by Thomas Vanek - Wild : 2 - Blues : 2.
19:10 of 3rd period - Antti Niemi from Wild was sent back in the game.
19:11 of 3rd period - Derek Stepan wins face-off versus Johan Franzen in neutral zone.
19:16 of 3rd period - Wrist shot by Thomas Vanek.
19:16 of 3rd period - Deflect By Derek Stepan.
19:16 of 3rd period - Shot Blocked by Artem Anisimov.
19:16 of 3rd period - Puck is out of play.
19:17 of 3rd period - Johan Franzen wins face-off versus Derek Stepan in Blues zone.
19:31 of 3rd period - Wrist shot by Johan Franzen.
19:31 of 3rd period - Shot Blocked by Derek Stepan.
19:33 of 3rd period - Wrist shot by Brandon Saad.
19:33 of 3rd period - Shot Misses the Net.
19:47 of 3rd period - Snap shot by Thomas Vanek.
19:47 of 3rd period - Shot Misses the Net.
Goals for this period are 1 for Wild vs 0 for Blues.
Shots for this period are 14 for Wild vs 10 for Blues.

Overtime #1


0:01 of 1st overtime period - Sean Couturier wins face-off versus Alexandre Burrows in neutral zone.
1:42 of 1st overtime period - Bryan Allen is hit by Brad Marchand and loses puck.
2:15 of 1st overtime period - Cody Franson is hit by Cam Atkinson and loses puck.
2:56 of 1st overtime period - Snap shot by Artem Anisimov.
2:56 of 1st overtime period - Stopped by Antti Niemi with a rebound.
2:58 of 1st overtime period - Slapshot by Zdeno Chara.
2:58 of 1st overtime period - Stopped by Antti Niemi with a rebound.
3:14 of 1st overtime period - Wrist shot by Zdeno Chara.
3:14 of 1st overtime period - Goal by Zdeno Chara - Wild : 2 - Blues : 3.
Goals for this period are 0 for Wild vs 1 for Blues.
Shots for this period are 0 for Wild vs 3 for Blues.


Output by the SimonT Hockey Simulator (STHS) for Eric Dolegowski -- Original Page W3C XHTML 1.0 Valid
Hockey Simulator - Hockey Simulation - Hockey Manager